 Dungeon Crawl Stone Soup version 0.30-a0-137-gd8773701ce (webtiles) character file.

Game seed: 734018988238302925

44 jimonade the Shooter (level 3, 0/27 HPs)
             Began as a Formicid Hunter on Sept 23, 2022.
             Was an Initiate of Okawaru.
             Slain by a rat (1 damage)
             ... on level 2 of the Dungeon.
             The game lasted 00:01:58 (832 turns).

jimonade the Shooter (Formicid Hunter)               Turns: 832, Time: 00:01:58

Health: 0/27       AC:  3    Str: 15    XL:     3   Next: 87%
Magic:  3/3        EV: 12    Int:  8    God:    Okawaru [......]
Gold:   94         SH:  0    Dex: 19    Spells: 2/2 levels left

rFire   . . .      SeeInvis +    a - +0 shortbow
rCold   . . .      Faith    .    (no shield)
rNeg    . . .      Spirit   .    c - +0 leather armour
rPois   .          Reflect  .    (helmet unavailable)
rElec   .          Harm     .    (no cloak)
rCorr   .          Rampage  .    (no gloves)
Will    .....                    (no boots)
Stlth   ++........               (no amulet)
HPRegen 0.09/turn                (no ring)
MPRegen 0.08/turn                (no ring)

@: lethally poisoned (0 -> -5)
A: permanent stasis, dig shafts and tunnels, antennae 3, four strong arms
a: Dig, Shaft Self, Renounce Religion


You were on level 2 of the Dungeon.
You worshipped Okawaru.
Okawaru was noncommittal.
You visited 1 branch of the dungeon, and saw 2 of its levels.

You collected 94 gold pieces.

Inventory:

Hand Weapons
 a - a +0 shortbow (weapon)
 i - a +0 sling
Armour
 c - a +0 leather armour (worn)
Scrolls
 b - a scroll of immolation
 e - a scroll of teleportation {unknown}
 g - a scroll of vulnerability {unknown}
 h - a scroll of blinking {unknown}
 k - a scroll of fear {unknown}
Potions
 f - 2 potions of brilliance {unknown}
 j - a potion of flight {unknown}
 l - a potion of mutation {unknown}
 m - a potion of attraction {unknown}


   Skills:
 - Level 2.1 Fighting
 + Level 5.2 Ranged Weapons
 - Level 1.7 Dodging
 - Level 1.2 Stealth


You had 2 spell levels left.
You didn't know any spells.
Your spell library was empty.

Dungeon Overview and Level Annotations

Branches:
Dungeon (2/15)

Altars:
Okawaru


Innate Abilities, Weirdness & Mutations

You cannot be hasted, slowed, berserked, paralysed or teleported.
You can dig through walls and to a lower floor.
You have a pair of large antennae on your head. (SInv)
Your four strong arms can wield two-handed weapons with a shield.


Message History

The goblin closely misses you.
You shoot an arrow. The arrow misses the goblin.
You feel sick. The bat closely misses you. The goblin misses you.
The rat twitches its whiskers.
The rat bites you but does no damage.
The goblin hits you with a +1 dagger of venom.
You are lethally poisoned!
The rat barely misses you.
Fire: a) +0 shortbow
Press: ? - help, Q - select action, (/) - cycle Shift-Dir - straight line, f/p - goblin
Aim: a goblin, wielding a +1 dagger of venom (58% to hit)
You shoot an arrow. The arrow hits the goblin!
You kill the goblin!
Okawaru accepts your kill.
You feel very sick. The bat barely misses you. The rat bites you.
Fire: a) +0 shortbow
Press: ? - help, Q - select action, (/) - cycle Shift-Dir - straight line, f - rat
Aim: a rat (64% to hit)
You shoot an arrow.
The arrow hits the rat but does no damage.
* * * LOW HITPOINT WARNING * * *
You feel very sick. The bat closely misses you.
A dart slug comes into view.
The rat closely misses you.
Fire: a) +0 shortbow
Press: ? - help, Q - select action, (/) - cycle Shift-Dir - straight line, f/p - rat
Aim: a rat (64% to hit)
You shoot an arrow. The arrow hits the rat.
The rat is heavily wounded.
* * * LOW HITPOINT WARNING * * *
You feel very sick. The bat hits you but does no damage. The rat bites you.
* * * LOW HITPOINT WARNING * * *
The rat misses you.
It was a potion of cancellation.
You feel magically purged.
* * * LOW HITPOINT WARNING * * *
You feel sick. The bat hits you but does no damage. The rat bites you.
You die...

....... .......
....... .......
....... .......
...........
....#.... #.....#
##. #.).rb#...
#..@..#.#.#
#...w...#.#
#.....###.#
#....### .#
###....##.##
##.#..#..##..#
#...........###
###...###.†......
###......... ..


You could see a dart slug, a bat and a rat.

Vanquished Creatures
  A dart slug (D:1)
  4 endoplasms (D:1)
  A giant cockroach (D:2)
  4 hobgoblins
  3 jackals (D:2)
  A quokka (D:1)
  5 ball pythons
  4 bats
  4 frilled lizards
  4 goblins
  4 kobolds
  3 rats (D:1)
38 creatures vanquished.

Notes
Turn   | Place    | Note
-------+----------+-------------------------------------------
     0 | D:1      | jimonade the Formicid Hunter began the quest for the Orb.
     0 | D:1      | Reached XP level 1. HP: 16/16 MP: 1/1
    48 | D:1      | Reached XP level 2. HP: 22/22 MP: 2/2
   109 | D:1      | Found a faded altar of an unknown god.
   296 | D:1      | Reached XP level 3. HP: 27/27 MP: 3/3
   459 | D:1      | Reached skill level 5 in Ranged Weapons
   811 | D:2      | Found an iron altar of Okawaru.
   822 | D:2      | Became a worshipper of Warmaster Okawaru
   832 | D:2      | HP: 1/27 [poisoned by a goblin]
   832 | D:2      | Slain by a rat

Illustrated notes

Levels and vault maps discovered:
D:1:      giann_bridges, layout_basic, shapermc_ecumenical_altar_venn
D:2:      layout_rooms, basic_altar

Skill      XL: |  1  2  3 |
---------------+----------+-----
Ranged Weapons | 5 |  5.2
Fighting       | |  2.1
Dodging        | |  1.7
Stealth        | |  1.2

Action                   || total
-------------------------++-------
 Fire: Shortbow          ||    69
  Use: Potion            ||     1
Armor: Leather armour    ||    10
Dodge: Dodged            ||    21

Table legend: (Time is in decaauts)
 A = Elapsed time spent in this place.
 B = Non-inter-level travel time spent in this place.
 C = Inter-level travel time spent in this place.
 D = Time resting spent in this place.
 E = Time spent auto-exploring this place.
 F = Levels seen in this place.
 G = Mean time per level.
                   A        B        C        D        E       F      G
               +--------+--------+--------+--------+--------+-----+--------+
         Total |    853 |    838 |     15 |      0 |    661 |   2 |  426.5 |
       Dungeon |    853 |    838 |     15 |      0 |    661 |   2 |  426.5 |
               +--------+--------+--------+--------+--------+-----+--------+

Top non-repeatable levels by time:
     D:1: 673 daAuts
     D:2: 179 daAuts
